 Dungeon Crawl Stone Soup version 0.31-a0-1104-g3bd3108e02 (webtiles) character file.

Game seed: 17781453230646892186

778 inmateoo the Cudgeller (level 7, -6/44 HPs)
             Began as a Gargoyle Fighter on Dec 2, 2023.
             Killed from afar by a steam dragon (16 damage)
             ... with a ball of steam
             ... on level 6 of the Dungeon.
             The game lasted 00:04:10 (3875 turns).

inmateoo the Cudgeller (Gargoyle Fighter)           Turns: 3875, Time: 00:04:10

Health: -6/44      AC: 19    Str: 19    XL:     7   Next: 85%
Magic:  7/7        EV:  6    Int:  9    God:
Gold:   218        SH:  5    Dex: 11    Spells: 6/6 levels left

rFire   . . .        d - +4 hammer (drain)
rCold   . . .        c - +0 buckler
rNeg    + + .        l - +0 plate armour
rPois   ∞            (no helmet)
rElec   +            b - +0 cloak
rCorr   .            r - +0 pair of gloves
SInv    .            (no boots)
Will    .....        (no amulet) Stlth
                     k - ring of positive energy
HPRegen 0.27/turn    (no ring)
MPRegen 0.10/turn

%: no passive effects
@: no status effects
A: sickness immunity, AC +4, negative energy resistance 1, electricity
resistance, torment resistance 1, petrification resistance
a: no special abilities


You were on level 6 of the Dungeon.
You visited 1 branch of the dungeon, and saw 6 of its levels.

You collected 218 gold pieces.

Inventory:

Hand Weapons
 a - a +0 flail
 d - a +4 hammer of draining (weapon)
Missiles
 p - 2 throwing nets
Armour
 b - a +0 cloak (worn)
 c - a +0 buckler (worn)
 l - a +0 plate armour (worn)
 r - a +0 pair of gloves (worn)
 v - a +2 leather armour of willpower
Jewellery
 k - a ring of positive energy (left hand)
Wands
 t - a wand of paralysis (8)
Scrolls
 i - 4 scrolls of teleportation
 n - a scroll of enchant armour
 u - a scroll of poison
Potions
 e - 3 potions of brilliance
 f - a potion of lignification
 g - a potion of berserk rage
 h - a potion of cancellation {unknown}
 j - a potion of haste {unknown}
 m - a potion of mutation {unknown}
 o - 2 potions of attraction {unknown}
 q - a potion of degeneration {unknown}
 s - a potion of might


   Skills:
 + Level 5.0 Fighting
 * Level 5.2 Maces & Flails
 + Level 5.0 Armour
 + Level 2.4 Dodging
 + Level 4.9 Shields


You had 6 spell levels left.
You didn't know any spells.
Your spell library contained the following spells:

 Spells                   Type           Power      Damage    Failure   Level
 Slow                     Hex            0%         N/A       100%        1
 Confusing Touch          Hex            0%         N/A       100%        3
 Sigil of Binding         Hex            0%         N/A       100%        3
 Vampiric Draining        Necr           0%         2d6       100%        3


Dungeon Overview and Level Annotations

Branches:
Dungeon (6/15)             Temple (0/1) D:4

Altars:
Elyvilon
Hepliaklqana
Nemelex Xobeh
Okawaru
Qazlal
Trog
Vehumet
Wu Jian


Innate Abilities, Weirdness & Mutations

You are immune to sickness and miasma.
Your stone body is resilient. (AC +4)
You are immune to poison.
You resist negative energy. (rN+)
You are resistant to electric shocks. (rElec)
You are resistant to unholy torment.
You are immune to petrification.


Message History

There are monsters nearby!
There are monsters nearby!
You miss the hound. The hound bites you but does no damage.
You sock the hound! You drain the hound.
The hound is almost dead.
You block the hound's attack. The hound bites you but does no damage.
You hit the hound but do no damage.
The hound is almost dead.
The hound closely misses you.
The ogre hits you with a +0 giant spiked club!
The hound bites you but does no damage. The hound attacks as it pursues you!
The hound bites you.
The hound stops to sniff the ground.
The hound bites you. The hound bites you but does no damage.
The hound barely misses you. The hound attacks as it pursues you!
The hound barely misses you.
The hound stops to sniff the ground.
You block the hound's attack. The hound bites you but does no damage.
The hound bites you but does no damage. The hound bites you but does no damage.
A steam dragon comes into view.
The steam dragon hisses angrily.
The hound bites you but does no damage. The steam dragon breathes steam at you.
The ball of steam hits you.
You hear an angry hiss.
The steam dragon closely misses you. The steam dragon claws you.
The steam dragon bites you!
* * * LOW HITPOINT WARNING * * *
You block the steam dragon's attack.
An adder comes into view.
The hound is engulfed in a cloud of scalding steam.
The hound dies!
There is a stone staircase leading up here.
The adder hisses angrily.
The steam dragon breathes steam at you. The ball of steam hits you!
You die...

#.l.####....#
####.#..........
#....#...l..[...
#.####..........
#O#####.#####.## #...#
#.# #..# ##########O###..
#..$ ##.....#D.§§§##..
[... ##>.....@..§§.......
....
#........................
#....†...................
#........................
#...................
#.................##
##..............#.#
##.....#S....#.#
#######..##..


You could see a steam dragon (catching breath), an ogre and an adder.

Vanquished Creatures
  An ogre (D:4)
  2 phantoms
  3 scorpions
  A howler monkey (D:4)
  Crazy Yiuf (D:2)
  A hound (D:5)
  2 iguanas
  An orc wizard (D:4)
  8 adders
  4 worms
  3 dart slugs
  7 orcs
  2 bats (D:2)
  7 endoplasms
  5 giant cockroaches
  6 goblins
  5 hobgoblins
  10 jackals
  2 kobolds (D:3)
  6 quokkas
  6 ball pythons
  2 frilled lizards (D:1)
  4 rats
89 creatures vanquished.

Vanquished Creatures (others)
  A hound (D:6)
1 creature vanquished.

Grand Total: 90 creatures vanquished

Notes
Turn   | Place    | Note
-------+----------+-------------------------------------------
     0 | D:1      | inmateoo the Gargoyle Fighter began the quest for the Orb.
     0 | D:1      | Reached XP level 1. HP: 14/14 MP: 1/1
   106 | D:1      | Reached XP level 2. HP: 9/19 MP: 2/2
   376 | D:1      | Reached XP level 3. HP: 23/23 MP: 3/3
   865 | D:2      | Identified the +5 dagger of Gos Mich {venom, rPois Will+
                  | Str+4}
  1087 | D:2      | Reached XP level 4. HP: 27/29 MP: 4/4
  1199 | D:2      | Reached skill level 1 in Dodging
  1363 | D:2      | Found a runed translucent door.
  1364 | D:2      | Noticed Crazy Yiuf
  1660 | D:2      | Killed Crazy Yiuf
  1778 | D:3      | Reached XP level 5. HP: 33/33 MP: 5/5
  1872 | D:3      | Identified the +2 short sword of Qazlal, Hungering {speed,
                  | rC+ Dex+5}
  2486 | D:3      | Found a faded altar of an unknown god.
  2640 | D:4      | Reached XP level 6. HP: 31/38 MP: 6/6
  2683 | D:4      | Paralysed by a hobgoblin for 2 turns
  2690 | D:4      | Paralysed by a hobgoblin for 2 turns
  3061 | D:4      | Found a staircase to the Ecumenical Temple.
  3094 | D:4      | Reached XP level 7. HP: 42/44 MP: 7/7
  3362 | D:5      | Entered Level 5 of the Dungeon
  3563 | D:5      | Found an ornate altar of the Wu Jian Council.
  3567 | D:5      | Found a hazy altar of Hepliaklqana.
  3568 | D:5      | Found an iron altar of Okawaru.
  3570 | D:5      | Found a sparkling altar of Nemelex Xobeh.
  3570 | D:5      | Found a white marble altar of Elyvilon.
  3571 | D:5      | Found a bloodstained altar of Trog.
  3577 | D:5      | Found a stormy altar of Qazlal.
  3621 | D:5      | Found a radiant altar of Vehumet.
  3752 | D:5      | Reached skill level 5 in Maces & Flails
  3848 | D:6      | Reached skill level 5 in Fighting
  3848 | D:6      | Reached skill level 5 in Armour
  3870 | D:6      | Noticed a steam dragon
  3875 | D:6      | Killed from afar by a steam dragon

Illustrated notes

Levels and vault maps discovered:
D:1:      psy_arrival_wood_between_worlds, layout_basic, nrook_mini_vaults
D:2:      layout_basic, uniq_crazy_yiuf_cottage
D:3:      layout_basic, basic_ecumenical_altar, kennysheep_generic_room_4
D:4:      layout_rooms, minmay_temple_entry_waves
D:5:      layout_rooms, nicolae_overflow_hallway_of_the_gods,
          nicolae_overflow_crystal_walls
D:6:      gammafunk_cloud_chamber, layout_rooms, guppyfry_shop_venom,
          uniq_duvessa

Skill      XL: |  1  2  3  4  5  6  7 |
---------------+----------------------+-----
Maces & Flails | 3 4 5 |  5.2
Dodging        | 1 2 |  2.4
Fighting       | 4 5 |  5.0
Armour         | 4 5 |  5.0
Shields        | 4 |  4.9

Action                     |  1- 3 |  4- 6 |  7- 9 || total
---------------------------+-------+-------+-------++-------
  Melee: Flail             |   153 |    44 |       ||   197
         Mace              |       |    99 |    66 ||   165
  Evoke: Wand              |       |     3 |       ||     3
    Use: Scroll            |     5 |     2 |     4 ||    11
         Potion            |       |     2 |       ||     2
   Stab: Paralysed         |       |     2 |       ||     2
 Armour: Scale mail        |   119 |    11 |       ||   130
         Plate armour      |       |   131 |    66 ||   197
  Dodge: Dodged            |    86 |    38 |    21 ||   145
  Block: Buckler           |    32 |    34 |    10 ||    76

Table legend: (Time is in decaauts)
 A = Elapsed time spent in this place.
 B = Non-inter-level travel time spent in this place.
 C = Inter-level travel time spent in this place.
 D = Time resting spent in this place.
 E = Time spent auto-exploring this place.
 F = Levels seen in this place.
 G = Mean time per level.
                   A        B        C        D        E       F      G
               +--------+--------+--------+--------+--------+-----+--------+
         Total |   3985 |   3835 |    150 |    370 |   2568 |   6 |  664.2 |
       Dungeon |   3985 |   3835 |    150 |    370 |   2568 |   6 |  664.2 |
               +--------+--------+--------+--------+--------+-----+--------+

Top non-repeatable levels by time:
     D:3: 1064 daAuts
     D:2: 938 daAuts
     D:1: 872 daAuts
     D:4: 586 daAuts
     D:5: 452 daAuts
     D:6: 70 daAuts
